 Dungeon Crawl Stone Soup version 0.31-a0-983-g7b6862f502 (webtiles) character file.

Game seed: 709178947684903825

58 Hooloovoo the Stinger (level 4, -1/30 (31) HPs)
             Began as a Djinni Necromancer on Nov 2, 2023.
             Was a Follower of Makhleb.
             Slain by an iguana (8 damage)
             ... on level 3 of the Dungeon on Nov 3, 2023.
             The game lasted 00:25:17 (1218 turns).

Hooloovoo the Stinger (Djinni Necromancer)          Turns: 1218, Time: 00:25:18

HP:   -1/30 (31)    AC:  3    Str:  7    XL:     4   Next: 21%
Gold: 126           EV: 12    Int: 25    God:    Makhleb [*.....] SH:  0 Dex: 13

rFire   + + .        c - +0 trident
rCold   x . .        (no shield)
rNeg    . . .        f - +0 leather armour
rPois   ∞            (no helmet)
rElec   .            (no cloak)
rCorr   .            (no gloves)
SInv    .            (boots unavailable)
Will    .....        (no amulet)
Stlth   ++           d - ring of poison resistance
HPRegen 0.25/turn    e - +6 ring of intelligence
MPRegen 0.00/turn

%: infuse magic (-2 HP)
@: flying, lightly drained
A: sickness immunity, fire resistance 2, cold vulnerability 1, float, innate
caster, HP casting, extra vitality 1
a: Renounce Religion


You were on level 3 of the Dungeon.
You worshipped Makhleb.
Makhleb was aware of your devotion.
You visited 1 branch of the dungeon, and saw 3 of its levels.

You collected 126 gold pieces.

Inventory:

Hand Weapons
 c - a +0 trident (weapon)
Armour
 a - a +0 robe
 f - a +0 leather armour (worn)
Jewellery
 d - a ring of poison resistance (left hand)
 e - a +6 ring of intelligence (right hand)
Wands
 i - a wand of digging (8)
Scrolls
 g - a scroll of blinking {unknown}
 h - a scroll of vulnerability {unknown}
 j - a scroll of teleportation {unknown}
Potions
 b - 2 potions of resistance {unknown}
 k - a potion of haste {unknown}


   Skills:
 + Level 0.7 Fighting
 + Level 1.0 Polearms
 + Level 0.2 Armour
 + Level 3.0 Dodging
 + Level 2.1 Stealth
 + Level 0.5 Unarmed Combat
 + Level 3.4 Spellcasting
 + Level 3.4 Conjurations
 + Level 3.4 Hexes
 + Level 3.4 Summonings
 + Level 3.4 Necromancy
 + Level 3.4 Translocations
 + Level 3.4 Transmutations
 + Level 3.4 Fire Magic
 + Level 3.4 Ice Magic
 + Level 3.4 Air Magic
 + Level 3.4 Earth Magic
 + Level 3.4 Poison Magic


You knew the following spells:

 Your Spells              Type           Power      Damage    Failure   Level
a - Necrotise             Necr           84%        1d8       3%          1
b - Vampiric Draining     Necr           21%        2d7       11%         3
c - Animate Dead          Necr           21%        N/A       34%         4
d - Agony                 Necr           21%        N/A       67%         5
e - Sandblast             Erth           42%        2d11      3%          1
Your spell library was empty.

Dungeon Overview and Level Annotations

Branches:
Dungeon (3/15)

Altars:
Makhleb

Shops:
D:2 =


Innate Abilities, Weirdness & Mutations

You are immune to sickness and miasma.
You are immune to poison.
Your flesh is very heat resistant. (rF++)
You are vulnerable to cold. (rC-)
You float through the air rather than walking.
You learn spells naturally, not from books.
Your magical power is your life essence.
You have superior vitality. (+4 MHP)


Message History

Makhleb accepts your kill.
The dead are walking!
Casting: Necrotise (safe; 3% risk of failure)
Confirm with . or Enter, or press ? or * to list all spells.
Aiming: Necrotise (safe; 3% risk of failure)
Press: ? - help, Shift-Dir - straight line, f - iguana
Aim: an iguana (ally target, chance to affect: 85%)
The iguana writhes in agony.
Your kobold skeleton hits the iguana.
You barely miss the iguana.
The iguana is lightly wounded.
The iguana bites you.
Your kobold skeleton hits the iguana but does no damage.
The iguana misses you.
You closely miss the iguana.
The iguana is lightly wounded.
Your kobold skeleton hits the iguana but does no damage.
The iguana bites you.
Casting: Necrotise (safe; 3% risk of failure)
Confirm with . or Enter, or press ? or * to list all spells.
You don't know that spell.
Casting: Necrotise (safe; 3% risk of failure)
Confirm with . or Enter, or press ? or * to list all spells.
Aiming: Necrotise (safe; 3% risk of failure)
Press: ? - help, Shift-Dir - straight line, f/p - iguana
Aim: an iguana (lightly wounded, ally target, chance to affect: 85%)
The iguana writhes in agony.
Your kobold skeleton hits the iguana but does no damage.
The iguana bites you!
The hobgoblin hits your kobold skeleton.
You barely miss the iguana.
The iguana is heavily wounded.
Your kobold skeleton barely misses the iguana.
The hobgoblin hits your kobold skeleton.
The iguana bites you!
* * * LOW HITPOINT WARNING * * *
You hit the iguana.
The iguana is severely wounded.
The iguana bites you!
You die...

## .. #############
###. #...........###
##.#.###.#########....
###....#.)...# #####
.......#.....###
....)............
#...gZl@.....####
#.#..........#
##.#..##.### #.#.....#
#.# . #?.# ## ##.# g
.... ...# #.#.# #..#
#.#.# #..# #..#


You could see an iguana (ally target), a hobgoblin and a friendly kobold
skeleton.

Vanquished Creatures
  3 adders (D:2)
  A dart slug (D:2)
  3 bats
  3 endoplasms
  A giant cockroach (D:2)
  A goblin (D:1)
  A hobgoblin (D:1)
  2 quokkas
  5 ball pythons
  4 frilled lizards
  2 kobolds (D:3)
  A rat (D:1)
27 creatures vanquished.

Vanquished Creatures (collateral kills)
  A hobgoblin (D:2)
  A kobold (D:2)
2 creatures vanquished.

Grand Total: 29 creatures vanquished

Notes
Turn   | Place    | Note
-------+----------+-------------------------------------------
     0 | D:1      | Hooloovoo the Djinni Necromancer began the quest for the
                  | Orb.
     0 | D:1      | Hooloovoo set off with the following spells memorised:
                  | Necrotise, Vampiric Draining, Animate Dead, Agony.
     0 | D:1      | Reached XP level 1. HP: 15/15 MP: 0/0
   249 | D:1      | Reached XP level 2. HP: 13/21 MP: 0/0
   595 | D:2      | Reached XP level 3. HP: 24/25 MP: 0/0
   595 | D:2      | Learned a level 1 spell: Sandblast
   619 | D:2      | Found Caochufo's Jewellery Boutique.
   790 | D:2      | Reached skill level 1 in Polearms
   790 | D:2      | Reached XP level 4. HP: 31/31 MP: 0/0
   882 | D:2      | Found a faded altar of an unknown god.
   891 | D:2      | Prayed at the altar of an unknown god.
   891 | D:2      | Became a worshipper of Makhleb the Destroyer
   891 | D:2      | Reached * piety under Makhleb
  1218 | D:3      | Slain by an iguana

Illustrated notes

Levels and vault maps discovered:
D:1:      dpeg_arrival_fog, layout_loops_cross
D:2:      layout_loops_ring, shapermc_ecumenical_altar_pompeii, serial_shops,
          nicolae_shop_trees
D:3:      minmay_roachtagon, layout_loops_ring, lemuel_round_altar

Skill      XL: |  1  2  3 |
---------------+----------+-----
Stealth        | 2 |  2.1
Dodging        | 3 |  3.0
Polearms       | 1 |  1.0
Fighting       | |  0.7
Armour         | |  0.2
Unarmed Combat | |  0.5
Spellcasting   | |  3.4
Conjurations   | |  3.4
Hexes          | |  3.4
Summonings     | |  3.4
Necromancy     | |  3.4
Translocations | |  3.4
Transmutations | |  3.4
Fire Magic     | |  3.4
Ice Magic      | |  3.4
Air Magic      | |  3.4
Earth Magic    | |  3.4
Poison Magic   | |  3.4

Action                     |  1- 3 |  4- 6 || total
---------------------------+-------+-------++-------
  Melee: Unarmed           |    25 |       ||    25
         Trident           |    23 |    10 ||    33
         Punch             |     1 |       ||     1
   Cast: Necrotise         |    25 |     7 ||    32
         Vampiric Draining |     3 |     1 ||     4
         Animate Dead      |       |     1 ||     1
   Stab: Sleeping          |     1 |       ||     1
 Armour: Robe              |    27 |       ||    27
         Leather armour    |     5 |     7 ||    12
  Dodge: Dodged            |    50 |     7 ||    57

Table legend: (Time is in decaauts)
 A = Elapsed time spent in this place.
 B = Non-inter-level travel time spent in this place.
 C = Inter-level travel time spent in this place.
 D = Time resting spent in this place.
 E = Time spent auto-exploring this place.
 F = Levels seen in this place.
 G = Mean time per level.
                   A        B        C        D        E       F      G
               +--------+--------+--------+--------+--------+-----+--------+
         Total |   1225 |    247 |    978 |      0 |      0 |   3 |  408.3 |
       Dungeon |   1225 |    247 |    978 |      0 |      0 |   3 |  408.3 |
               +--------+--------+--------+--------+--------+-----+--------+

Top non-repeatable levels by time:
     D:2: 832 daAuts
     D:1: 298 daAuts
     D:3: 94 daAuts
